 Dungeon Crawl Stone Soup version 0.21.1-1-g345015f (webtiles) character file.

1498 theblackcape the Caller (level 8, -8/58 HPs)
             Began as a Gnoll Summoner on June 22, 2018.
             Was a Believer of Ashenzari.
             Killed from afar by an electric eel (11 damage)
             ... with a bolt of electricity
             ... on level 7 of the Dungeon.
             The game lasted 00:29:18 (4945 turns).

theblackcape the Caller (Gnoll Summoner)            Turns: 4945, Time: 00:29:20

Health: -8/58      AC: 14    Str: 12    XL:     8   Next: 81%
Magic:  9/17       EV: 13    Int: 21    God:    Ashenzari [**....]
Gold:   142        SH:  0    Dex: 15    Spells: 9/19 levels left

rFire    . . .     SeeInvis .   g - +8 short sword (venom) (curse)
rCold    . . .     Gourm    .   (no shield)
rNeg     . . .     Faith    .   A - +2 ring mail of Proximity {MR+ rCorr Int+2}
rPois    +         Spirit   .   J - +1 hat
rElec    .         Reflect  .   f - +0 cloak
rCorr    +         Harm     .   r - +0 pair of gloves
MR       +....                  o - +2 pair of boots (curse)
Stlth    ++........             y - amulet of rage
HPRegen  0.19/turn              p - ring of poison resistance
MPRegen  0.15/turn              (no ring)

@: no status effects
A: distributed training, fangs 1, strong nose
a: Curse Item, Scrying, Renounce Religion, Evoke Berserk Rage


You were on level 7 of the Dungeon.
You worshipped Ashenzari.
Ashenzari was pleased with you.
You were hungry.

You visited 2 branches of the dungeon, and saw 8 of its levels.

You collected 338 gold pieces.
You spent 196 gold pieces at shops.

Inventory:

Hand Weapons
 g - a cursed +8 short sword of venom (weapon)
 w - a +2 long sword of holy wrath
 C - a cursed +2 spear
Missiles
 a - 2 javelins
 m - 182 stones (quivered)
 t - 2 tomahawks
Armour
 f - a +0 cloak (worn)
 o - a cursed +2 pair of boots (worn)
 r - a +0 pair of gloves (worn)
 A - the +2 ring mail of Proximity (worn) {MR+ rCorr Int+2}
   (You found it on level 5 of the Dungeon)

   It affects your intelligence (+2).
   It affects your resistance to hostile enchantments.
   It protects you from acid and corrosion.
 J - a +1 hat (worn)
Jewellery
 p - a ring of poison resistance (left hand)
 y - an amulet of rage (around neck)
Wands
 G - a wand of flame (30)
Scrolls
 d - a scroll of teleportation
 e - 2 scrolls of fog
 h - 3 scrolls of amnesia
 j - 8 scrolls of identify
 k - a scroll of remove curse
 l - 2 scrolls of noise
 u - 2 scrolls of blinking {unknown}
 D - a scroll of torment {unknown}
 E - a scroll of immolation {unknown}
 I - a scroll of magic mapping {unknown}
Potions
 i - 2 potions of cancellation {unknown}
 n - 2 potions of lignification {unknown}
 q - 2 potions of agility {unknown}
 s - 3 potions of degeneration {unknown}
 v - a potion of curing {unknown}
 x - 2 potions of heal wounds {unknown}
 z - a potion of haste {unknown}
 B - a potion of resistance {unknown}
 F - a potion of flight {unknown}
Books
 b - a book of Callings

   Spells                             Type                      Level
   a - Summon Small Mammal            Summoning                    1
   b - Call Imp                       Summoning                    2
   c - Call Canine Familiar           Summoning                    3
   d - Summon Guardian Golem          Hexes/Summoning              3
   e - Summon Lightning Spire         Summoning/Air                4
   f - Summon Ice Beast               Ice/Summoning                4
Comestibles
 c - 10 rations


   Skills:
 + Level 3.5 Fighting
 + Level 3.5(5.6) Short Blades
 + Level 3.5 Long Blades
 + Level 3.5 Axes
 + Level 3.5 Maces & Flails
 + Level 3.5 Polearms
 + Level 3.5 Staves
 + Level 3.5 Slings
 + Level 3.5 Bows
 + Level 3.5 Crossbows
 + Level 3.5 Throwing
 + Level 3.5 Armour
 + Level 5.8 Dodging
 + Level 5.5 Stealth
 + Level 3.5 Shields
 + Level 3.5 Unarmed Combat
 + Level 6.2 Spellcasting
 + Level 2.9 Conjurations
 + Level 2.9 Hexes
 + Level 2.9 Charms
 + Level 7.7 Summonings
 + Level 2.9 Necromancy
 + Level 2.9 Translocations
 + Level 2.9 Transmutations
 + Level 2.9 Fire Magic
 + Level 2.9 Ice Magic
 + Level 2.9 Air Magic
 + Level 2.9 Earth Magic
 + Level 2.9 Poison Magic
 + Level 3.9 Invocations
 + Level 3.5 Evocations


You had 9 spell levels left.
You knew the following spells:

 Your Spells              Type           Power        Failure   Level  Hunger
a - Summon Small Mammal   Summ           ####         1%          1    None
b - Call Imp              Summ           #####...     1%          2    None
c - Summon Lightning Spi  Summ/Air       ####....     22%         4    ###....
d - Call Canine Familiar  Summ           #####...     2%          3    #......


Dungeon Overview and Level Annotations

Branches:
Dungeon (7/15)             Temple (1/1) D:4

Altars:
Ashenzari
Cheibriados
Dithmenos
Elyvilon
Fedhas
Gozag
Hepliaklqana
Kikubaaqudgha
Makhleb
Nemelex Xobeh
Okawaru
Qazlal
Ru
Sif Muna
Trog
Uskayaw
Vehumet
Wu Jian
Xom
Yredelemnul
Zin
The Shining One

Shops:
D:7 =[*[[

Annotations:
D:5 Zubo's ghost, novice OpTm


Innate Abilities, Weirdness & Mutations

Your experience applies equally to all skills.
You have very sharp teeth.
Your uncanny sense of smell can sniff out nearby items.


Message History

The electric eel shoots out a bolt of lightning at you!
The bolt of electricity misses your crimson imp.
The bolt of electricity hits you!
Casting: Call Imp
Confirm with . or Enter, or press ? or * to list all spells.
The electric eel shoots out a bolt of lightning at you!
The bolt of electricity hits your white imp.
The bolt of electricity hits your crimson imp.
Your crimson imp dies!
The bolt of electricity hits you!
* * * LOW HITPOINT WARNING * * *
Your white imp gestures at the electric eel.
The puff of frost hits the electric eel.
The electric eel shoots out a bolt of lightning at you!
The bolt of electricity hits your crimson imp.
Your crimson imp dies!
The bolt of electricity hits you!
* * * LOW HITPOINT WARNING * * *
The bolt of electricity hits you!
You die...

########....≈# ≈#*
##)##≈# ≈≈##≈ ≈
#.##≈≈##≈≈#≈ ≈ *
#.#*#≈≈##;# ≈ ** *
#.####≈≈#≈#####≈≈.
##......≈≈≈5≈≈≈≈≈#
*
#.......)...######
#)#.######..r......
#.#...∩..@..######.
#.#.#########
#.#.#### , #......#
###.##.# ######
#.##.# .....#
#.##.# ** * ####.#
#..... , , , #.##.#
,* , ,


You could see an electric eel, a friendly white imp and a friendly quokka.

Vanquished Creatures
  2 ice beasts
  An orc warrior (D:6)
  A phantom (D:4)
  3 bullfrogs (D:6)
  3 scorpions
  3 wights (D:6)
  2 electric eels (D:7)
  2 bullfrog zombies
  A crimson imp (D:6)
  A centaur zombie (D:7)
  A hound (D:7)
  2 iguanas (D:6)
  3 orc wizards
  5 worker ants
  A hound zombie (D:6)
  2 adders (D:4)
  A shadow imp (D:7)
  An adder skeleton (D:4)
  A worm (D:2)
  3 dart slugs
  4 leopard geckos
  7 orcs
  A ball python (D:5)
  A giant cockroach (D:3)
  A goblin (D:2)
  4 hobgoblins
  2 jackals (D:5)
  2 quokkas
  3 bats (D:1)
  A frilled lizard (D:3)
  3 kobolds
  A quokka zombie (D:6)
  5 rats
74 creatures vanquished.

Vanquished Creatures (collateral kills)
  A phantom (D:5)
  An ogre (D:5)
  A quasit (D:6)
  A jelly (D:5)
  A bullfrog zombie (D:6)
  A hound skeleton (D:7)
  2 adders
  3 gnolls (D:4)
  An ooze (D:3)
  3 dart slugs
  2 leopard geckos
  5 orcs
  5 hobgoblins
  3 bats
  A frilled lizard (D:3)
  2 goblins (D:1)
  6 kobolds
  A quokka skeleton (D:5)
  3 rats
43 creatures vanquished.

Grand Total: 117 creatures vanquished

Notes
Turn   | Place    | Note
-------+----------+-------------------------------------------
     0 | D:1      | theblackcape the Gnoll Summoner began the quest for the Orb.
     0 | D:1      | Reached XP level 1. HP: 13/13 MP: 6/6
   308 | D:1      | Reached XP level 2. HP: 19/19 MP: 5/7
   315 | D:1      | Learned a level 2 spell: Call Imp
   698 | D:2      | Noticed a scorpion
   710 | D:2      | Killed a scorpion
   710 | D:2      | Reached skill level 1 in Fighting
   710 | D:2      | Reached skill level 1 in Short Blades
   710 | D:2      | Reached skill level 1 in Long Blades
   710 | D:2      | Reached skill level 1 in Axes
   710 | D:2      | Reached skill level 1 in Maces & Flails
   710 | D:2      | Reached skill level 1 in Polearms
   710 | D:2      | Reached skill level 1 in Staves
   710 | D:2      | Reached skill level 1 in Slings
   710 | D:2      | Reached skill level 1 in Bows
   710 | D:2      | Reached skill level 1 in Crossbows
   710 | D:2      | Reached skill level 1 in Throwing
   710 | D:2      | Reached skill level 1 in Armour
   710 | D:2      | Reached skill level 1 in Shields
   710 | D:2      | Reached skill level 1 in Unarmed Combat
   710 | D:2      | Reached skill level 5 in Spellcasting
   710 | D:2      | Reached skill level 1 in Invocations
   710 | D:2      | Reached skill level 1 in Evocations
   710 | D:2      | Reached XP level 3. HP: 26/26 MP: 4/9
   710 | D:2      | Reached XP level 4. HP: 32/32 MP: 4/11
   719 | D:2      | Learned a level 4 spell: Summon Lightning Spire
   751 | D:2      | Learned a level 3 spell: Call Canine Familiar
  1128 | D:3      | Found a basalt altar of Yredelemnul.
  1129 | D:3      | Found a glowing golden altar of the Shining One.
  1173 | D:3      | Reached skill level 1 in Conjurations
  1173 | D:3      | Reached skill level 1 in Hexes
  1173 | D:3      | Reached skill level 1 in Charms
  1173 | D:3      | Reached skill level 1 in Necromancy
  1173 | D:3      | Reached skill level 1 in Translocations
  1173 | D:3      | Reached skill level 1 in Transmutations
  1173 | D:3      | Reached skill level 1 in Fire Magic
  1173 | D:3      | Reached skill level 1 in Ice Magic
  1173 | D:3      | Reached skill level 1 in Air Magic
  1173 | D:3      | Reached skill level 1 in Earth Magic
  1173 | D:3      | Reached skill level 1 in Poison Magic
  1180 | D:3      | Reached XP level 5. HP: 37/37 MP: 12/12
  1222 | D:3      | Found a shattered altar of Ashenzari.
  1223 | D:3      | Found a hide-covered altar of Uskayaw.
  1224 | D:3      | Found an iron altar of Okawaru.
  1225 | D:3      | Found a hazy altar of Hepliaklqana.
  1225 | D:3      | Found a radiant altar of Vehumet.
  1226 | D:3      | Found a sacrificial altar of Ru.
  1230 | D:3      | Became a worshipper of Ashenzari the Shackled
  1873 | D:4      | Found a shadowy altar of Dithmenos.
  1910 | D:4      | Found a burning altar of Makhleb.
  1910 | D:4      | Found a glowing silver altar of Zin.
  1911 | D:4      | Noticed an angel
  1911 | D:4      | Noticed a balrug
  1928 | D:4      | Found an ornate altar of the Wu Jian Council.
  2037 | D:4      | Noticed a phantom
  2076 | D:4      | Killed a phantom
  2076 | D:4      | Reached XP level 6. HP: 44/44 MP: 7/13
  2327 | D:4      | Found a staircase to the Ecumenical Temple.
  2339 | Temple   | Entered the Ecumenical Temple
  2761 | D:5      | Entered Level 5 of the Dungeon
  2771 | D:5      | Found a basalt altar of Yredelemnul.
  2780 | D:5      | Reached * piety under Ashenzari
  2857 | D:5      | Noticed a phantom
  2863 | D:5      | Noticed Zubo's ghost (novice OpTm)
  2882 | D:5      | Reached skill level 5 in Dodging
  2901 | D:5      | Killed a phantom
  3270 | D:5      | Got the uncursed ring mail of Proximity {MR+ rCorr Int+2}
  3282 | D:5      | Identified the +2 ring mail of Proximity {MR+ rCorr Int+2} (You found it on level 5 of the Dungeon)
  3400 | D:5      | Reached XP level 7. HP: 47/50 MP: 5/15
  3446 | D:5      | Found a shimmering altar of Xom.
  3706 | D:6      | Reached skill level 5 in Stealth
  3743 | D:6      | Reached XP level 8. HP: 57/57 MP: 16/16
  3885 | D:6      | Found a sparkling altar of Nemelex Xobeh.
  4179 | D:6      | Found a bloodstained altar of Trog.
  4373 | D:7      | Found Nesk's Assorted Antiques.
  4390 | D:7      | Found Zij Sobashre's Antique Armour Shop.
  4397 | D:7      | Bought a runed hat for 196 gold pieces
  4424 | D:7      | Reached ** piety under Ashenzari
  4458 | D:7      | Found Yheryomm's Jewellery Shop.
  4486 | D:7      | Found Yvew's Antique Armour Shoppe.
  4521 | D:7      | Found Zuann's Armour Shop.
  4945 | D:7      | Killed from afar by an electric eel

Skill      XL: |  1  2  3  4  5  6  7  8 |
---------------+-------------------------+-----
Fighting       | 1 2 3 |  3.5
Short Blades   | 1 2 3 |  3.5
Long Blades    | 1 2 3 |  3.5
Axes           | 1 2 3 |  3.5
Maces & Flails | 1 2 3 |  3.5
Polearms       | 1 2 3 |  3.5
Staves         | 1 2 3 |  3.5
Slings         | 1 2 3 |  3.5
Bows           | 1 2 3 |  3.5
Crossbows      | 1 2 3 |  3.5
Throwing       | 1 2 3 |  3.5
Armour         | 1 2 3 |  3.5
Shields        | 1 2 3 |  3.5
Unarmed Combat | 1 2 3 |  3.5
Spellcasting   | 5 6 |  6.2
Invocations    | 1 2 3 |  3.9
Evocations     | 1 2 3 |  3.5
Conjurations   | 1 2 |  2.9
Hexes          | 1 2 |  2.9
Charms         | 1 2 |  2.9
Necromancy     | 1 2 |  2.9
Translocations | 1 2 |  2.9
Transmutations | 1 2 |  2.9
Fire Magic     | 1 2 |  2.9
Ice Magic      | 1 2 |  2.9
Air Magic      | 1 2 |  2.9
Earth Magic    | 1 2 |  2.9
Poison Magic   | 1 2 |  2.9
Dodging        | 5 |  5.8
Stealth        | 5 |  5.5
Summonings     | |  7.7

Action                   |  1- 3 |  4- 6 |  7- 9 || total
-------------------------+-------+-------+-------++-------
Melee: Short sword       |    13 |    77 |   116 ||   206
       Unarmed           |     1 |       |       ||     1
       Bite              |       |     6 |    18 ||    24
       Punch             |       |       |     5 ||     5
Throw: Stone             |       |       |     1 ||     1
 Cast: Summon Small Mamm |    19 |    28 |     6 ||    53
       Call Imp          |     7 |    26 |    15 ||    48
       Call Canine Famil |       |     2 |       ||     2
Invok: Curse Item        |       |     1 |     1 ||     2
Evoke: Wand              |       |       |     1 ||     1
  Use: Scroll            |       |    10 |     2 ||    12
 Stab: Sleeping          |     3 |     9 |     4 ||    16
       Distracted        |       |       |     3 ||     3
  Eat: Chunk             |       |     7 |     5 ||    12
Armor: Robe              |     6 |     7 |       ||    13
       Ring mail         |       |     1 |    31 ||    32
Dodge: Dodged            |    17 |    53 |    69 ||   139
